AoeStats
← Caribe

Hideout

509218355Analyzed
1v1 RM · 7d ago on Sep 25, 2026· 16m 28s· 2 players
Game mode
Random Map
Map size
Tiny (2 player)
Population
200
Speed
Normal
Resources
Standard
Victory
Conquest
Starting age
Dark Age
Ending age
Imperial Age
RankedLock teamsTeams togetherTeam positionsShared explorationLock speedFull tech treeHidden civsTurbo modeCheats
Victory
Defeat
🇻🇪 Vietnamese · Venezuela
1215
+18
🇦🇺 Varangians · Australia
1257
-18
Caribe
10:51 Feudal Age
15:08 Castle Age
13:38 Double-Bit Axe
13:36 Horse Collar
14:03 Loom
16:28 Bow Saw
16:48 Heavy Plow
_WinD_
0:26 Loom
10:09 Feudal Age
11:17 Double-Bit Axe
15:43 Castle Age
13:29 Horse Collar
14:14 Scale Barding Armor
14:52 Forging
Connection lost

Rejoining the realm…

Still unreachable

The connection could not be restored.

Session expired

The server has moved on; the page needs a fresh start.